 Dungeon Crawl Stone Soup version 0.16-b1 (webtiles) character file.

37 BLOAX the Insei (level 3, -2/17 HPs)
             Began as a Vine Stalker Transmuter on Mar 15, 2015.
             Slain by a gnoll
             ... wielding a +0 halberd
              (7 damage)
             ... on level 3 of the Dungeon.
             The game lasted 00:01:35 (355 turns).

BLOAX the Insei (Vine Stalker Transmuter)            Turns: 355, Time: 00:01:35

Health: -2/17      AC:  2    Str: 13    XL:     3   Next: 39%
Magic:  0/9        EV: 12    Int: 13    God:
Gold:   27         SH:  0    Dex: 14    Spells: 1 memorised, 7 levels left

rFire  . . .     SeeInvis .       - Unarmed
rCold  . . .     Clarity  .     c - +0 robe
rNeg   . . .     SustAb   .     (no shield)
rPois  .         Gourm    .     (no helmet)
rElec  .         Spirit   +     (no cloak)
rCorr  .         Warding  .     (no gloves)
rMut   .         Stasis   .     (no boots)
MR     .....                    i - amulet of rage
Stlth  +.........               (no ring)
                                (no ring)

@: not resistant to hostile enchantments, very unstealthy
A: fangs 2, regeneration 1, magic shield, antimagic bite, no device heal 3, rot
immunity
a: Evoke Berserk Rage


You were on level 3 of the Dungeon.
You were not hungry.

You visited 1 branch of the dungeon, and saw 3 of its levels.

You collected 27 gold pieces.


Innate Abilities, Weirdness & Mutations

You have extremely sharp teeth.
Your natural rate of healing is unusually fast.
When hurt, damage is shared between your health and your magic reserves.
Your bite disrupts and absorbs the magic of your enemies.
Potions and wands cannot restore your health.
You are immune to rotting.


   Skills:
 - Level 0.8 Fighting
 - Level 1.5 Dodging
 + Level 3.6 Unarmed Combat
 + Level 3.1 Spellcasting
 - Level 2.0 Transmutations


You had 7 spell levels left.
You knew the following spells:

 Your Spells              Type           Power        Failure   Level  Hunger
a - Beastly Appendage     Trmt           #.....       12%         1    #......


Dungeon Overview and Level Annotations

Branches:
Dungeon (3/15)

Altars:

Inventory:

Missiles
 b - 12 arrows
Armour
 c - a +0 robe (worn)
Jewellery
 i - an amulet of rage (around neck)
   (You found it on level 1 of the Dungeon)
Scrolls
 f - a scroll of fog {unknown}
 h - a scroll of remove curse {unknown}
 k - a scroll of enchant armour {unknown}
Potions
 e - a potion of cure mutation {unknown}
 g - a potion of resistance {unknown}
 m - a potion of curing {unknown}
 n - a potion of haste {unknown}
Books
 d - a book of Changes

   Spells                             Type                      Level
   a - Beastly Appendage              Transmutation                1
   b - Sticks to Snakes               Transmutation                2
   c - Spider Form                    Transmutation/Poison         3
   d - Ice Form                       Ice/Transmutation            4
   e - Blade Hands                    Transmutation                5
 l - a book of the Earth
   (You found it on level 2 of the Dungeon)

   Spells                             Type                      Level
   a - Leda's Liquefaction            Hexes/Earth                  4
   b - Bolt of Magma                  Conjuration/Fire/Earth       5
   c - Statue Form                    Transmutation/Earth          6
   d - Iron Shot                      Conjuration/Earth            6
   e - Shatter                        Earth                        9
Comestibles
 a - a bread ration
 j - a chunk of flesh

{@*1} ### ..# #.#
#.# #(# #.# #<#
#.###.#######.#
#.....@.......#
#######g###########
....P.....g..h......
##~~~~~~~~~~~~~~~~~
#~~~~~~~~~~~~~~~~
#~~#####~~~~~~~~~
#~~#gg #......... ~
#.. ######### ###


You could see 3 gnolls.


Message History

The kobold is moderately wounded.
You closely miss the kobold.
The kobold is moderately wounded.
The kobold hits you with a club.
* * * LOW HITPOINT WARNING * * *
You hit the kobold but do no damage.
The kobold is moderately wounded.
The kobold completely misses you.
You hit the kobold.
You kill the kobold!
Things that are here:
a club; a kobold corpse No target in view!
Found a stone staircase leading down.
Found a war axe.
There is a stone staircase leading down here.
You climb downwards.
A quokka comes into view.
Found 20 sling bullets and a fuming pink potion.
There is a stone staircase leading up here.
The gnoll shouts! x2
The quokka closely misses you.
You barely miss the quokka.
The gnoll shouts!
The quokka barely misses you.
You barely miss the quokka. The quokka closely misses you.
You barely miss the quokka. The quokka barely misses you.
You hit the quokka. You bite the quokka. You drain its power.
You feel invigorated.
The quokka is almost dead.
The quokka closely misses you.
You hit the quokka but do no damage.
The quokka is almost dead.
The quokka bites you.
You hit the quokka but do no damage.
The quokka is almost dead.
The quokka bites you.
You hit the quokka.
You kill the quokka!
A jackal comes into view.
You see here a fuming pink potion.
n - a fuming pink potion A gnoll comes into view.
It is wielding a halberd.
The gnoll shouts!
You barely miss the jackal. The jackal bites you.
The jackal closely misses you.
You barely miss the jackal. You punch the jackal.
You bite the jackal, but do no damage.
The jackal is heavily wounded.
The jackal misses you.
A jackal comes into view.
You barely miss the jackal.
The jackal barks!
You bite the jackal. You drain its power.
You kill the jackal!
You swing at nothing.
You hit the gnoll.
The gnoll is lightly wounded.
The gnoll hits you with a halberd.
You hit the gnoll.
The gnoll is moderately wounded.
The gnoll hits you with a halberd!
* * * LOW HITPOINT WARNING * * *
You hit the gnoll. You bite the gnoll, but do no damage.
The gnoll is heavily wounded.
You closely miss the gnoll. You bite the gnoll. You drain its power.
You feel invigorated.
The gnoll is severely wounded.
The gnoll hits you with a halberd!
You die...

Action                   || total
-------------------------++-------
Melee: Unarmed           ||    84
 Cast: Beastly Appendage ||     1
 Abil: Evoke Berserk Rag ||     1

Vault maps used:
D:1:      kb_arrival_jail
D:2:      lemuel_blue_sif_altar
D:3:      lemuel_castle_with_subvaults, ashenzari_conservatory_becter,
          elyvilon_altar_5, grunt_qazlal_sundering, first_bread,
          grunt_ministairs_1

Notes
Turn   | Place    | Note
--------------------------------------------------------------
     0 | D:1      | BLOAX, the Vine Stalker Transmuter, began the quest for the Orb.
     0 | D:1      | Reached XP level 1. HP: 9/9 MP: 3/3
     2 | D:1      | Noticed a centaur
     2 | D:1      | Noticed an elf
     4 | D:1      | Noticed a dwarf
     6 | D:1      | Noticed a minotaur
     6 | D:1      | Noticed a merfolk
     8 | D:1      | Noticed a demonspawn
    10 | D:1      | Noticed a spriggan
    10 | D:1      | Noticed an octopode
    12 | D:1      | Noticed a demigod
    12 | D:1      | Noticed a troll
    14 | D:1      | Noticed a vine stalker
    14 | D:1      | Noticed a ghoul
    16 | D:1      | Noticed a felid
    16 | D:1      | Noticed a vampire
    18 | D:1      | Noticed a formicid
    18 | D:1      | Noticed a naga
    20 | D:1      | Noticed a gargoyle
    21 | D:1      | THE GOLIATH BEETLE BITES YOU!!!!!!!!!
    22 | D:1      | Noticed a tengu
    24 | D:1      | Noticed a draconian
    24 | D:1      | Noticed a human
    26 | D:1      | Noticed an ogre
   129 | D:1      | Reached XP level 2. HP: 9/14 MP: 6/6
   202 | D:1      | You fall through a shaft!
   220 | D:2      | HP: 1/14 [kobold/short sword (4)]
   233 | D:2      | HP: 3/14 [goblin/dagger (1)]
   278 | D:2      | Reached skill level 3 in Spellcasting
   278 | D:2      | Reached XP level 3. HP: 14/17 MP: 6/8
   355 | D:3      | Slain by a gnoll

Vanquished Creatures
  2 adders (D:2)
  An ooze (D:2)
  2 giant cockroaches (D:1)
  A goblin (D:2)
  A jackal (D:3)
  4 kobolds
  A quokka (D:3)
  2 bats (D:1)
  A giant newt (D:2)
  2 rats (D:1)
17 creatures vanquished.

Vault maps used:
D:1:      kb_arrival_jail
D:2:      lemuel_blue_sif_altar
D:3:      lemuel_castle_with_subvaults, ashenzari_conservatory_becter,
          elyvilon_altar_5, grunt_qazlal_sundering, first_bread,
          grunt_ministairs_1
